 Dungeon Crawl Stone Soup version 0.31-a0-7-g51783674b7 (webtiles) character file.

Game seed: 13322030097024345789

23635 Kuronicle the Protected (level 12, -20/97 HPs)
             Began as a Demonspawn Berserker on May 5, 2023.
             Was a High Priest of Trog.
             Demolished by a two-headed ogre
             ... wielding a +0 giant club
              (26 damage)
             ... on level 2 of the Orcish Mines.
             The game lasted 00:53:41 (11674 turns).

Kuronicle the Protected (Demonspawn Berserker)     Turns: 11674, Time: 00:53:42

Health: -20/97     AC: 32    Str: 31    XL:     12   Next: 73%
Magic:  0/12       EV: 12    Int:  8    God:    Trog [*****.]
Gold:   582        SH:  0    Dex: 13    Spells: 11/11 levels left

rFire   . . .        u - +3 war axe (vamp)
rCold   . . .        (no shield)
rNeg    + + .        G - +8 chain mail "Axixag" {Harm +Inv rN++ Will-}
rPois   +            (no helmet)
rElec   .            p - +2 cloak
rCorr   .            (gloves unavailable)
SInv    .            g - +0 pair of boots
Will    +....        s - amulet of guardian spirit Stlth
                     k - +4 ring of protection
HPRegen 1.36/turn    A - ring of Psychosis {rPois Str+6}
MPRegen 0.13/turn

%: harm (+30% outgoing, +20% incoming), clarity, guardian spirit
@: strong-willed, on berserk cooldown, regenerating, slowed, very slow
A: claws 3, slimy green scales 3, powered by death 1, clarity, strong 1
a: Renounce Religion, Evoke Invisibility, Berserk, Trog's Hand, Brothers in Arms


You were on level 2 of the Orcish Mines.
You worshipped Trog.
Trog was extremely pleased with you.
You visited 2 branches of the dungeon, and saw 12 of its levels.
You also visited: Bailey.

You collected 1186 gold pieces.
You spent 604 gold pieces at shops.

Inventory:

Hand Weapons
 e - a +2 short sword of freezing
 m - a +1 flail of protection
 u - a +3 vampiric war axe (weapon)
 x - a +0 broad axe
 y - a +2 flail of venom
 F - a +1 spear of venom
 H - a +0 vampiric halberd
 N - a +1 rapier of speed
Missiles
 b - a throwing net
 h - 86 stones
Armour
 g - a +0 pair of boots (worn)
 p - a +2 cloak (worn)
 v - a scarf of resistance
 G - the +8 chain mail "Axixag" (worn) {Harm +Inv rN++ Will-}
   (You found it in a bailey)

   rN:        It greatly protects you from negative energy.
   +Inv:      It lets you turn invisible.
   Harm:      It increases damage dealt and taken.
   Will:      It decreases your willpower.
 I - a +1 pair of gloves of dexterity
Jewellery
 a - an amulet of the acrobat
 k - a +4 ring of protection (left claw)
 s - an amulet of guardian spirit (around neck)
 A - the ring of Psychosis (right claw) {rPois Str+6}
   (You bought it in a shop on level 8 of the Dungeon)

   [ring of strength]

   Str:       It affects your strength (+6).
   rPois:     It protects you from poison.
 J - a +6 ring of intelligence
 M - a ring of ice
 O - a +5 ring of evasion
Wands
 o - a wand of iceblast (14)
 t - a wand of charming (1)
 C - a wand of digging (3)
 D - a wand of mindburst (11)
Scrolls
 d - a scroll of teleportation {unknown}
 f - a scroll of blinking
 i - 2 scrolls of magic mapping {unknown}
 l - a scroll of acquirement {unknown}
 Q - 3 scrolls of poison {unknown}
Potions
 c - a potion of resistance {unknown}
 j - 4 potions of curing
 n - a potion of flight {unknown}
 q - 2 potions of mutation
 r - a potion of haste
 w - a potion of ambrosia {unknown}
 K - a potion of magic {unknown}
Miscellaneous
 L - a box of beasts


   Skills:
 + Level 10.1 Fighting
 + Level 10.2(10.3) Axes
 - Level 1.8(6.7) Maces & Flails
 - Level 2.5 Throwing
 + Level 10.3 Armour
 + Level 7.1 Dodging
 + Level 0.9 Stealth
 * Level 8.0 Unarmed Combat


You had 11 spell levels left.
You didn't know any spells.
Your spell library contained the following spells:

 Spells                   Type           Power      Damage    Failure   Level
 Freeze                   Ice            0%         1d3       80%         1
 Frozen Ramparts          Ice            0%         1d1       99%         3
 Hailstorm                Conj/Ice       0%         3d3       99%         3
 Anguish                  Hex/Necr       0%         N/A       100%        4
 Cause Fear               Hex            0%         N/A       100%        4
 Iskenderun's Battlesphe  Conj           0%         2d6       100%        5
 Iron Shot                Conj/Erth      0%         9d1       100%        6
 Enfeeble                 Hex            0%         N/A       100%        7
 Spellforged Servitor     Conj/Summ      0%         N/A       100%        7


Dungeon Overview and Level Annotations

Branches:
Dungeon (10/15)            Temple (0/1) D:6            Lair (0/5) D:10
    Orc (2/2) D:10         Bailey (visited)
    Elf: Orc:2

Altars:
Ashenzari
Dithmenos
Hepliaklqana
Makhleb
Ru
Trog
Yredelemnul

Shops:
D:5 :   D:6 =   D:7 *   D:8 =*   Orc:1 (([


Innate Abilities, Weirdness & Mutations

You have claws for hands.
You are completely covered in slimy green scales. (AC +4, rPois)
You regenerate a little health from kills.
You possess an exceptional clarity of mind.
Your muscles are strong. (Str +4, Int/Dex -1)


Message History

Something hits you but does no damage. x2
The ogre hits you with a +0 giant club!!
* * * LOW HITPOINT WARNING * * *
Something hits you but does no damage.
The two-headed ogre hits you with a +0 giant club.
* * * LOW HITPOINT WARNING * * *
The two-headed ogre closely misses you. Something hits you!
* * * LOW HITPOINT WARNING * * *
You feel much better. Something hits you.
* * * LOW HITPOINT WARNING * * *
Something completely misses you. The ogre barely misses you.
Something hits you but does no damage. x2
The two-headed ogre hits you but does no damage. x2
Something hits you.
* * * LOW HITPOINT WARNING * * *
The ogre attacks as you move away! The ogre barely misses you.
Something hits you but does no damage. Something completely misses you.
You hear some strange, mumbled words.
The two-headed ogre seems to speed up.
Something hits you!
* * * LOW HITPOINT WARNING * * *
You hear some strange, mumbled words.
You hit the two-headed ogre.
The two-headed ogre is severely wounded.
The two-headed ogre hits you but does no damage. x2
You barely miss the two-headed ogre.
The two-headed ogre is severely wounded.
You barely miss something. You closely miss something.
The two-headed ogre misses you.
The two-headed ogre hits you with a +0 giant spiked club!!
* * * LOW HITPOINT WARNING * * *
Something hits you but does no damage. x2
You hit the two-headed ogre.
You feel better.
The two-headed ogre is almost dead.
You barely miss something. You hit something.
You feel better. Something hits you.
* * * LOW HITPOINT WARNING * * *
The two-headed ogre hits you with a +0 giant club!!
You die...

#......###...##OO.OO.# ......
#......#.....##O.OO..# ..#...
.#...........###.OOO# #...# .
#.............###)O###...# ..
.................O.......#...
##..............OOO..........
.#.............O{####........
...............{..##.........
........†[.....O@...#...#....
......#.................###..
........................## .
..................).........
............................
........#...........#........
........<....................
.#...#................#......
......#.............##.##...


You could see a two-headed ogre (fast), an ogre mage and 8 ogres.

Vanquished Creatures
  14 two-headed ogres
  The ghost of 2FriedEggs the Ruffian, a novice TrFi (D:5)
  2 orc knights (Orc:1)
  2 orc sorcerers
  A cyclops (Orc:1)
  A gargoyle (Bailey)
  7 trolls
  Grinder (D:4)
  2 hornets
  Sigmund (D:2)
  A vampire (Bailey)
  3 wyverns (D:10)
  15 yaks (D:10)
  A basilisk (D:10)
  3 steam dragons
  An acid dragon (D:10)
  Edmund (D:6)
  5 water moccasins
  Duvessa (D:6)
  A hornet zombie (D:5)
  12 orc warriors
  4 sky beasts
  2 ice beasts
  3 black bears
  12 ogres
  A centaur (D:9)
  4 kobold brigands
  3 bullfrogs
  2 gnoll sergeants (D:10)
  5 scorpions
  Dowan (D:6)
  4 killer bees (D:9)
  4 howler monkeys
  5 electric eels
  3 jellies
  7 vampire bats (Bailey)
  4 wolf zombies (Bailey)
  2 hounds
  6 orc priests
  2 gnoll boudas
  5 iguanas
  19 orc wizards
  10 gnolls
  8 adders
  2 shadow imps (D:5)
  An ufetubus (D:7)
  An adder zombie (D:5)
  A worm (D:4)
  2 dart slugs
  40 orcs
  10 ball pythons
  3 bats
  3 endoplasms
  3 giant cockroaches (D:1)
  7 hobgoblins
  7 jackals
  3 quokkas
  4 frilled lizards
  7 goblins
  19 kobolds
  15 orc zombies (Bailey)
  5 rats
325 creatures vanquished.

Vanquished Creatures (others)
  A shadow (D:9)
  An orc (Orc:1)
  A fungus (D:10)
  30 plants
33 creatures vanquished.

Grand Total: 358 creatures vanquished

Notes
Turn   | Place    | Note
-------+----------+-------------------------------------------
     0 | D:1      | Kuronicle the Demonspawn Berserker began the quest for the
                  | Orb.
     0 | D:1      | Reached XP level 1. HP: 18/18 MP: 1/1
   190 | D:1      | Gained mutation: You are partially covered in slimy green
                  | scales. (AC +2) [demonic ancestry]
   190 | D:1      | Reached XP level 2. HP: 24/24 MP: 2/2
   634 | D:1      | Found a faded altar of an unknown god.
   698 | D:1      | Reached ** piety under Trog
   774 | D:1      | Gained mutation: You are mostly covered in slimy green
                  | scales. (AC +3) [demonic ancestry]
   774 | D:1      | Reached XP level 3. HP: 29/29 MP: 3/3
   924 | D:2      | Reached skill level 1 in Maces & Flails
  1349 | D:2      | Reached XP level 4. HP: 35/35 MP: 4/4
  1507 | D:2      | Noticed Sigmund
  1517 | D:2      | Killed Sigmund
  1518 | D:2      | Reached XP level 5. HP: 41/41 MP: 5/5
  1782 | D:3      | Found a broken altar of Ashenzari.
  1933 | D:3      | Found a sacrificial altar of Ru.
  2145 | D:3      | Reached *** piety under Trog
  2411 | D:3      | Reached XP level 6. HP: 47/47 MP: 6/6
  2897 | D:4      | Noticed Grinder
  2914 | D:4      | Killed Grinder
  2915 | D:4      | Gained mutation: You have sharp fingernails. [demonic
                  | ancestry]
  2915 | D:4      | Reached XP level 7. HP: 24/54 MP: 7/7
  3163 | D:4      | Found a burning altar of Makhleb.
  3276 | D:4      | Found a shadowy altar of Dithmenos.
  3318 | D:4      | Found a hazy altar of Hepliaklqana.
  3380 | D:5      | Entered Level 5 of the Dungeon
  3498 | D:5      | Gained mutation: Your muscles are strong. (Str +4, Int/Dex
                  | -1) [potion of mutation]
  3498 | D:5      | Gained mutation: You possess an exceptional clarity of
                  | mind. [potion of mutation]
  3504 | D:5      | Found Olomy's Book Boutique.
  3675 | D:5      | Gained mutation: You have very sharp fingernails. [demonic
                  | ancestry]
  3675 | D:5      | Reached XP level 8. HP: 61/61 MP: 8/8
  4134 | D:5      | Found a runed translucent gate.
  4134 | D:5      | Found a runed translucent gate.
  4134 | D:5      | Found a runed translucent gate.
  4134 | D:5      | Noticed 2FriedEggs's ghost (novice TrFi)
  4136 | D:5      | Found a basalt altar of Yredelemnul.
  4158 | D:5      | Reached skill level 5 in Axes
  4253 | D:5      | Killed 2FriedEggs's ghost
  4254 | D:5      | Reached skill level 5 in Fighting
  4254 | D:5      | Reached skill level 5 in Armour
  4641 | D:6      | Noticed Duvessa
  4642 | D:6      | Noticed Dowan
  4657 | D:6      | Killed Duvessa
  4667 | D:6      | Gained mutation: You are completely covered in slimy green
                  | scales. (AC +4, rPois) [demonic ancestry]
  4667 | D:6      | Reached XP level 9. HP: 43/69 MP: 9/9
  4686 | D:6      | Killed Dowan
  4709 | D:6      | Reached skill level 5 in Dodging
  4806 | D:6      | Found a staircase to the Ecumenical Temple.
  5057 | D:6      | Found Asegyix's Jewellery Emporium.
  5521 | D:6      | Noticed Edmund
  5531 | D:6      | Killed Edmund
  5923 | D:7      | Reached skill level 1 in Throwing
  6137 | D:7      | Found Jeyl's Island Escapes.
  6665 | D:7      | Gained mutation: You regenerate a little health from kills.
                  | [demonic ancestry]
  6665 | D:7      | Reached XP level 10. HP: 73/79 MP: 8/10
  7366 | D:8      | Found Luajoe Hitot's Assorted Antiques.
  7390 | D:8      | Found a flagged portal.
  7421 | Bailey   | Entered a bailey
  7476 | Bailey   | Identified the +8 chain mail "Axixag" {Harm +Inv rN++
                  | Will-}
  7537 | Bailey   | Noticed a gargoyle
  7551 | Bailey   | Killed a gargoyle
  7910 | Bailey   | Reached **** piety under Trog
  8257 | D:8      | Found Bugoyth's Jewellery Shop.
  8276 | D:8      | Bought the ring of Psychosis {rPois Str+6} for 472 gold
                  | pieces
  8969 | D:10     | Entered Level 10 of the Dungeon
  9122 | D:10     | Found a staircase to the Lair.
  9155 | D:10     | Gained mutation: You have claws for hands. [demonic
                  | ancestry]
  9155 | D:10     | Reached XP level 11. HP: 86/86 MP: 8/11
  9742 | D:10     | Noticed a two-headed ogre
  9757 | D:10     | Killed a two-headed ogre
  9758 | D:10     | Reached skill level 5 in Unarmed Combat
 10105 | D:10     | Noticed a two-headed ogre
 10114 | D:10     | Killed a two-headed ogre
 10120 | D:10     | Found a staircase to the Orcish Mines.
 10213 | Orc:1    | Entered Level 1 of the Orcish Mines
 10225 | Orc:1    | Noticed an orc knight
 10231 | Orc:1    | Reached ***** piety under Trog
 10249 | Orc:1    | HP: 4/87 [orc knight/+0 halberd (1)]
 10259 | Orc:1    | HP: 3/130 [orc knight/+0 halberd (16)]
 10284 | Orc:1    | Killed an orc knight
 10567 | Orc:1    | Found Qofen's Armour Boutique.
 10711 | Orc:1    | Found a bloodstained altar of Trog.
 10802 | Orc:1    | Found Pesul's Antique Weapon Emporium.
 10815 | Orc:1    | Noticed an orc sorcerer
 10819 | Orc:1    | Noticed an orc knight
 10829 | Orc:1    | Killed an orc sorcerer
 10833 | Orc:1    | Killed an orc knight
 10904 | Orc:1    | Bought a broad axe for 132 gold pieces
 10960 | Orc:1    | Found Semoont's Weapon Boutique.
 11269 | Orc:2    | Entered Level 2 of the Orcish Mines
 11303 | Orc:2    | Noticed an orc sorcerer
 11303 | Orc:2    | Paralysed by an orc sorcerer for 2 turns
 11319 | Orc:2    | Paralysed by an orc sorcerer for 5 turns
 11325 | Orc:2    | Killed an orc sorcerer
 11326 | Orc:2    | Reached XP level 12. HP: 95/95 MP: 12/12
 11612 | Orc:2    | Noticed a two-headed ogre
 11616 | Orc:2    | Noticed a two-headed ogre
 11616 | Orc:2    | Noticed a two-headed ogre
 11616 | Orc:2    | Noticed a two-headed ogre
 11616 | Orc:2    | Noticed a two-headed ogre
 11616 | Orc:2    | Noticed a two-headed ogre
 11617 | Orc:2    | Noticed a two-headed ogre
 11620 | Orc:2    | Noticed a two-headed ogre
 11621 | Orc:2    | Noticed an ogre mage
 11622 | Orc:2    | Noticed an ogre mage
 11623 | Orc:2    | Noticed a two-headed ogre
 11624 | Orc:2    | Killed a two-headed ogre
 11624 | Orc:2    | Noticed an ogre mage
 11624 | Orc:2    | Noticed a two-headed ogre
 11625 | Orc:2    | Noticed a two-headed ogre
 11630 | Orc:2    | Noticed a two-headed ogre
 11630 | Orc:2    | Killed a two-headed ogre
 11633 | Orc:2    | Killed a two-headed ogre
 11634 | Orc:2    | Reached skill level 10 in Armour
 11634 | Orc:2    | Killed a two-headed ogre
 11634 | Orc:2    | Noticed a two-headed ogre
 11637 | Orc:2    | Killed a two-headed ogre
 11640 | Orc:2    | Killed a two-headed ogre
 11641 | Orc:2    | Killed a two-headed ogre
 11641 | Orc:2    | Noticed an ogre mage
 11645 | Orc:2    | Killed a two-headed ogre
 11648 | Orc:2    | Killed a two-headed ogre
 11650 | Orc:2    | Killed a two-headed ogre
 11651 | Orc:2    | Reached skill level 10 in Fighting
 11651 | Orc:2    | Killed a two-headed ogre
 11652 | Orc:2    | Reached skill level 10 in Axes
 11654 | Orc:2    | Killed a two-headed ogre
 11661 | Orc:2    | Paralysed by something for 3 turns
 11666 | Orc:2    | HP: 3/97 [something (16)]
 11674 | Orc:2    | Demolished by a two-headed ogre

Illustrated notes

Levels and vault maps discovered:
D:1:      matt_arrival_spirals, layout_rooms, ebering_ecumenical_altar_box
D:2:      layout_loops_ring, uniq_sigmund
D:3:      layout_basic, lemuel_round_altar, amcnicky_altar_gilded,
          grunt_decor_fettered, st_stairs_2, minmay_tree_intersection,
          nicolae_elevator_lobby_plus
D:4:      layout_basic, mainiacjoe_overflow_24_doors, makhleb_heckhound_becter,
          grunt_dithmenos_smoke_and_mirrors, uniq_grinder
D:5:      layout_gridville, nicolae_yredelemnul_ghost_church, kennysheep_mini,
          serial_shops, nicolae_diamond_shop, minivault_1
D:6:      layout_basic, minmay_temple_entry_junction, minmay_misc_feat_tiny,
          fountainhead, minmay_shop_enchanted_jewellery, uniq_duvessa,
          uniq_edmund
D:7:      layout_basic, chequers_big_river, serial_bayou_pond_c,
          nicolae_island_escapes
D:8:      wad_pebble_path, layout_basic, enter_bailey_2, serial_shops, shop,
          nicolae_shop_stone
D:9:      layout_gridville
D:10:     layout_long_grid, tso_oasis_becter, minmay_lair_entry_grove,
          kennysheep_orc_monster_closet_entryway, nicolae_shop_firing_range
Orc:1:    layout_caves, basic_altar, serial_shops, shop,
          nicolae_shop_dealshenge, shop, lemuel_statue_altar,
          trog_butcher_becter
Orc:2:    st_orc_ogre_mass, layout_caves

Skill      XL: |  1  2  3  4  5  6  7  8  9 10 11 12 |
---------------+-------------------------------------+-----
Unarmed Combat | 3 7 8 |  8.0
Dodging        | 2 3 4 5 6 7 |  7.1
Armour         | 2 3 4 5 7 8 9 10 | 10.3
Maces & Flails | 1 |  1.8
Axes           | 2 3 4 5 6 8 10 | 10.2
Fighting       | 4 5 7 8 9 10 | 10.1
Throwing       | 2 |  2.5
Stealth        | |  0.9

Action                     |  1- 3 |  4- 6 |  7- 9 | 10-12 || total
---------------------------+-------+-------+-------+-------++-------
  Melee: Unarmed           |    16 |       |       |   148 ||   164
         Club              |   135 |       |       |       ||   135
         Punch             |     6 |     1 |     6 |    21 ||    34
         War axe           |    32 |   156 |   323 |   419 ||   930
         Flail             |       |       |    64 |       ||    64
         Halberd           |       |       |       |     3 ||     3
         Broad axe         |       |       |       |     8 ||     8
  Throw: Stone             |       |       |     1 |       ||     1
         Throwing net      |       |       |     1 |       ||     1
 Invoke: Berserk           |       |     1 |     2 |     3 ||     6
         Trog's Hand       |       |     1 |     2 |     2 ||     5
    Use: Scroll            |     3 |     2 |    10 |     4 ||    19
         Potion            |       |     1 |     4 |     4 ||     9
 Armour: Animal skin       |   108 |     5 |       |       ||   113
         Plate armour      |       |   101 |   320 |    10 ||   431
         Ring mail         |       |    18 |       |       ||    18
         Chain mail        |       |       |       |   547 ||   547
  Dodge: Dodged            |   205 |    64 |   182 |   498 ||   949

Table legend: (Time is in decaauts)
 A = Elapsed time spent in this place.
 B = Non-inter-level travel time spent in this place.
 C = Inter-level travel time spent in this place.
 D = Time resting spent in this place.
 E = Time spent auto-exploring this place.
 F = Levels seen in this place.
 G = Mean time per level.
                   A        B        C        D        E       F      G
               +--------+--------+--------+--------+--------+-----+--------+
         Total |  11938 |  11494 |    444 |    616 |   6657 |  13 |  918.3 |
       Dungeon |   9925 |   9541 |    384 |    381 |   5788 |  10 |  992.5 |
  Orcish Mines |   1462 |   1402 |     60 |    235 |    634 |   2 |  731.0 |
        Bailey |    551 |    551 |      0 |      0 |    235 |   1 |  551.0 |
               +--------+--------+--------+--------+--------+-----+--------+

Top non-repeatable levels by time:
     D:6: 1351 daAuts
     D:7: 1257 daAuts
    D:10: 1244 daAuts
     D:5: 1231 daAuts
   Orc:1: 1061 daAuts
     D:2: 938 daAuts
     D:3: 926 daAuts
     D:4: 842 daAuts
     D:1: 799 daAuts
     D:8: 775 daAuts
     D:9: 558 daAuts
  Bailey: 551 daAuts
   Orc:2: 401 daAuts
